Map: Catalyst LE

Players

Scarlett - Winner!

  • Race: Zerg Zerg
  • Spawn Location: 11:00

INnoVation

  • Race: Terran Terran
  • Spawn Location: 5:00

Event: 2018 Hangzhou StarCraft Carnival

VOD

Have the link to the VOD?

Description

Time

  • Played on: April 29, 2018, 4:08 a.m.
  • Length: 15:12

All games in this series

Show
View Real Time Build Order
Export as new Build Order

Scarlett Zerg - Winner!

Build Orders: Hatch First, Lurkers 

Get SALT Encoding   

  12  0:00  Drone  
  13  0:12  Overlord  
  13  0:17  Drone  
  14  0:30  Drone x2  
  16  0:50  Hatchery  
  16  0:54  Drone  
  16  0:59  Drone  
  16  1:02  Drone  
  18  1:14  Extractor  
  18  1:16  Spawning Pool  
  16  1:20  Drone  
  16  1:24  Drone  
  18  1:28  Drone  
  19  1:38  Drone  
  20  1:49  Overlord  
  20  2:03  Queen x2  
  20  2:04  Zergling x2  
  20  2:08  Zergling x2  
  26  2:11  Drone  
  26  2:14  Drone  
  26  2:15  Metabolic Boost  
  28  2:21  Drone  
  29  2:25  Drone  
  30  2:37  Spore Crawler  
  29  2:39  Drone x2  
  32  2:45  Hatchery  
  32  2:49  Overlord  
  31  2:57  Drone x2  
  33  2:59  Drone  
  33  3:05  Queen  
  34  3:08  Drone x2  
  34  3:12  Drone x2  
  40  3:14  Drone  
  40  3:18  Overlord  
  41  3:21  Drone  
  41  3:26  Overlord  
  42  3:30  Queen  
  44  3:38  Drone  
  44  3:39  Drone x2  
  44  3:41  Queen  
  47  3:44  Drone  
  50  3:48  Drone  
  50  3:49  Drone x2  
  50  3:54  Overlord  
  53  3:59  Zergling x6  
  53  4:01  Drone  
  57  4:05  Overlord  
  57  4:09  Drone  
  59  4:10  Drone  
  59  4:14  Drone, Overlord  
  59  4:15  Drone  
  59  4:17  Queen  
  61  4:19  Drone  
  61  4:20  Drone x2  
  66  4:26  Drone x2, Evolution Chamber x2  
  66  4:33  Drone x3  
  66  4:38  Drone x2, Extractor  
  71  4:40  Lair  
  71  4:41  Drone  
  71  4:45  Drone, Overlord  
  71  4:46  Drone x2  
  71  4:49  Drone  
  71  4:52  Zergling x8  
  79  4:56  Zerg Ground Armor Level 1  
  79  5:01  Drone x3  
  79  5:06  Extractor, Drone x2, Overlord  
  83  5:07  Extractor  
  83  5:08  Extractor  
  83  5:09  Zerg Melee Weapons Level 1, Drone, Extractor  
  83  5:13  Drone x2  
  83  5:14  Drone  
  84  5:15  Drone  
  84  5:17  Overlord  
  84  5:18  Baneling Nest, Drone  
  85  5:25  Hatchery  
  85  5:26  Drone  
  85  5:27  Drone  
  86  5:31  Drone x4  
  86  5:34  Drone  
  91  5:36  Drone x2  
  91  5:42  Drone x5  
  98  5:43  Hydralisk Den  
  98  5:47  Overlord  
  97  5:53  Zergling x2  
  97  5:54  Zergling x8  
  102  6:00  Overlord  
  102  6:05  Centrifical Hooks  
  102  6:07  Overlord x3  
  102  6:12  Drone x4  
  102  6:13  Drone x2  
  102  6:14  Muscular Augments  
  102  6:16  Hydralisk x2  
  112  6:22  Infestation Pit, Hydralisk x2  
  115  6:30  Hydralisk x4  
  123  6:41  Queen  
  117  6:53  Zerg Ground Armor Level 2  
  114  6:55  Drone x2  
  114  6:56  Drone x2  
  116  7:03  Drone x10  
  116  7:05  Extractor  
  116  7:06  Extractor  
  116  7:07  Hive  
  124  7:08  Zerg Missile Weapons Level 1  
  124  7:09  Hydralisk  
  124  7:10  Zergling x8  
  130  7:21  Zergling x14  
  128  7:26  Queen  
  128  7:29  Grooved Spines  
  130  7:39  Hydralisk x8  
  130  7:40  Overlord  
  130  7:41  Overlord x3  
  146  7:46  Overlord  
  146  7:47  Hatchery  
  145  7:52  Zergling x2  
  145  7:53  Zergling x6  
  149  7:59  Overseer  
  149  8:00  Hydralisk x5  
  149  8:02  Zergling x2  
  160  8:06  Lurker Den, Zergling x8  
  163  8:16  Zergling x12  
  169  8:20  Zergling x2  
  169  8:23  Zergling x2  
  169  8:24  Zergling x2  
  169  8:28  Adrenal Glands  
  169  8:30  Drone x2  
  169  8:32  Drone  
  169  8:33  Drone x2  
  168  8:42  Overlord  
  168  8:44  Hydralisk x2  
  168  8:45  Zergling x14  
  179  8:54  Zergling x4  
  181  8:59  Baneling  
  181  9:00  Baneling x16  
  181  9:08  Hydralisk x4  
  199  9:13  Zergling x8  
  199  9:15  Baneling x9  
  199  9:16  Baneling x5  
  187  9:20  Zergling x8  
  191  9:29  Zerg Melee Weapons Level 2, Zerg Ground Armor Level 3  
  189  9:41  Hydralisk  
  189  9:42  Hydralisk  
  189  9:52  Zergling x2  
  189  9:53  Zergling x22  
  197  10:07  Viper x4  
  161  10:09  Hydralisk x5  
  161  10:10  Zergling x4  
  178  10:17  Zergling x8  
  182  10:22  Baneling x3  
  182  10:23  Baneling x13  
  182  10:24  Zergling x6  
  182  10:28  Zergling x4  
  187  10:33  Hydralisk x4  
  187  10:34  Zergling x2  
  193  10:39  Hydralisk  
  193  10:40  Zergling x2  
  189  10:43  Hydralisk  
  189  10:44  Zergling x4  
  189  10:48  Hydralisk  
  189  10:49  Hydralisk  
  152  11:04  Hydralisk x2  
  152  11:05  Zergling x8, Hydralisk  
  152  11:10  Hydralisk x2  
  144  11:11  Zergling x2  
  144  11:16  Viper  
  144  11:17  Viper  
  137  11:24  Hydralisk x5  
  137  11:25  Zergling x10  
  130  11:26  Zergling x2  
  130  11:29  Queen  
  135  11:33  Adaptive Talons  
  135  11:38  Drone x4  
  135  11:39  Drone x2  
  141  11:42  Extractor  
  141  11:43  Viper, Extractor  
  141  11:45  Zergling x2, Hydralisk  
  141  11:46  Zergling x8  
  149  11:47  Hatchery  
  148  11:56  Zerg Melee Weapons Level 3  
  148  11:57  Zergling x2  
  148  11:58  Zergling x8  
  153  12:08  Zerg Missile Weapons Level 2  
  153  12:10  Zergling x16  
  153  12:12  Lurker x2  
  163  12:18  Lurker x2  
  163  12:20  Zergling x8  
  163  12:21  Zergling x6  
  159  12:38  Hydralisk x6  
  159  12:39  Zergling x4, Hydralisk  
  159  12:40  Zergling x10  
  180  12:45  Zergling x10  
  181  12:59  Lurker x5  
  181  13:02  Lurker x3, Zergling x2  
  181  13:03  Zergling x18  
  199  13:11  Baneling x9  
  196  13:31  Unknown  
  162  13:47  Hydralisk x4  
  162  13:48  Zergling x2, Hydralisk x5  
  165  13:49  Zergling x22  
  165  13:54  Hydralisk x2  
  176  14:06  Hydralisk x9  
  187  14:16  Hatchery  
  180  14:21  Viper x4, Hydralisk  
  180  14:22  Hydralisk x3  
  189  14:34  Hydralisk x2, Overlord  
  189  14:35  Overlord  
  193  14:44  Hatchery  
Show
View Real Time Build Order
Export as new Build Order

INnoVation Terran 

Build Orders: Reaper Expand, Bio Tank 

Get SALT Encoding   

  12  0:00  SCV  
  13  0:12  SCV  
  14  0:17  Supply Depot  
  14  0:24  SCV  
  15  0:38  SCV  
  15  0:39  Barracks  
  16  0:44  Refinery  
  16  0:50  SCV  
  17  1:02  SCV  
  18  1:15  SCV  
  19  1:27  Reaper, Orbital Command  
  20  1:40  Command Center  
  20  1:52  Supply Depot  
  20  1:53  SCV  
  21  1:59  Marine  
  22  2:05  SCV  
  23  2:09  Factory  
  23  2:17  SCV  
  23  2:21  Barracks Reactor  
  24  2:29  SCV  
  25  2:38  Command Center  
  25  2:41  SCV  
  26  2:52  Orbital Command  
  26  2:53  SCV  
  26  2:59  Starport  
  26  3:05  Refinery  
  26  3:06  SCV  
  26  3:11  Hellion  
  29  3:17  Hellion  
  29  3:19  Barracks Tech Lab  
  31  3:21  SCV  
  31  3:23  SCV  
  33  3:33  SCV  
  34  3:35  SCV  
  34  3:37  Hellion  
  34  3:38  Hellion  
  39  3:43  Banshee  
  39  3:44  Barracks Tech Lab  
  39  3:47  SCV x2  
  44  3:52  Orbital Command  
  44  3:59  SCV x2  
  45  4:03  Marine, Barracks  
  45  4:09  Factory Reactor  
  46  4:10  Stimpack  
  46  4:12  SCV x2  
  46  4:16  Barracks  
  48  4:21  Marine  
  48  4:24  SCV x2  
  50  4:28  Supply Depot  
  51  4:32  Orbital Command  
  51  4:35  Starport Reactor  
  51  4:36  SCV x2  
  51  4:37  Engineering Bay x2  
  53  4:39  Marine  
  54  4:48  SCV x2  
  54  4:50  Refinery  
  54  4:51  Refinery  
  56  4:52  Marine  
  56  4:53  Marine  
  56  4:57  Supply Depot  
  56  4:58  Siege Tank  
  56  4:59  SCV  
  62  5:00  SCV x2  
  62  5:04  Marine  
  65  5:10  Marine, Supply Depot  
  65  5:12  Marine x3  
  69  5:17  Terran Infantry Armor Level 1  
  69  5:18  Terran Infantry Weapons Level 1  
  69  5:19  SCV x3  
  72  5:22  Marine  
  72  5:25  Supply Depot  
  73  5:29  Medivac  
  73  5:31  SCV x3  
  73  5:33  Supply Depot  
  73  5:34  Medivac  
  80  5:41  Marine x5  
  85  5:47  SCV x3  
  85  5:49  Siege Tank  
  91  5:51  Supply Depot  
  91  5:58  Supply Depot  
  91  5:59  Marine x5  
  91  6:00  SCV  
  91  6:01  SCV  
  91  6:03  SCV  
  99  6:11  Combat Shields  
  99  6:16  Barracks  
  99  6:17  Barracks, Supply Depot  
  99  6:18  Armory  
  99  6:22  Medivac  
  99  6:23  SCV x3  
  99  6:25  Medivac  
  106  6:26  Marine  
  106  6:27  Marine  
  106  6:28  Marine x2  
  106  6:30  Marine  
  111  6:34  Supply Depot  
  111  6:38  Refinery  
  111  6:39  Refinery  
  111  6:45  SCV x3  
  111  6:46  Marine x2  
  115  6:47  Marine x2  
  115  6:48  Marine  
  115  6:52  Siege Tank  
  119  6:57  SCV x3  
  116  7:04  Marine x3  
  116  7:05  Marine x2  
  119  7:13  Barracks Reactor x2  
  119  7:14  SCV x2  
  121  7:20  Terran Infantry Weapons Level 2, Terran Infantry Armor Level 2  
  121  7:22  Marine x3  
  119  7:25  Siege Tank  
  119  7:26  SCV x3  
  119  7:28  Supply Depot  
  125  7:30  Supply Depot  
  125  7:31  Supply Depot  
  125  7:33  Armory  
  125  7:41  Marine x2  
  125  7:42  Marine x2  
  125  7:43  Marine  
  130  7:44  Medivac  
  130  7:46  Command Center  
  130  7:49  Medivac  
  134  7:52  Supply Depot  
  134  7:56  Marine x3, Supply Depot  
  134  7:57  Marine, Siege Tank  
  141  7:59  Marine  
  142  8:05  Concussive Shells  
  142  8:07  Barracks  
  142  8:08  Barracks  
  142  8:09  Barracks  
  142  8:11  Marine x3, Marauder  
  147  8:14  Marine x2  
  146  8:20  Medivac x2  
  146  8:23  Marine x3  
  153  8:29  Marine x2, Siege Tank  
  153  8:33  Marauder  
  153  8:36  Marine x3  
  153  8:40  Sensor Tower, Marine  
  153  8:41  Marine x2  
  157  8:43  Supply Depot, Terran Vehicle And Ship Armor Level 1  
  157  8:45  Supply Depot  
  157  8:47  Marine  
  159  8:54  Barracks Tech Lab x2  
  159  8:56  Barracks Tech Lab  
  159  8:57  Marine x3, Marauder  
  159  8:58  Marine x2  
  159  8:59  Marine x2  
  159  9:01  Supply Depot, Medivac x2  
  172  9:03  Siege Tank  
  172  9:13  Marine x3  
  172  9:15  Marine x4  
  172  9:16  Marine  
  180  9:18  Marine x3  
  180  9:19  Marine  
  184  9:31  Marine x3  
  184  9:32  Marine  
  184  9:33  Marine x3  
  184  9:34  Marine  
  184  9:36  Marine x4  
  193  9:40  Terran Infantry Weapons Level 3, Terran Infantry Armor Level 3  
  189  9:48  Planetary Fortress  
  189  9:49  Marine x3, Siege Tank  
  189  9:50  Marine  
  189  9:51  Marine x3  
  189  9:52  Marine  
  199  9:59  Marauder x2  
  196  10:07  Medivac x2  
  200  10:26  Command Center  
  200  10:29  Ghost Academy  
  196  10:37  Unknown  
  196  10:38  Siege Tank  
  196  10:39  Marine  
  192  10:53  Medivac x2  
  192  10:54  Marine, Marauder x3  
  200  10:59  Marine x7  
  200  11:00  Marine  
  183  11:10  Siege Tank  
  161  11:12  Marine  
  161  11:15  Marauder x2  
  161  11:16  Marine, Marauder  
  161  11:17  Marine x7  
  158  11:23  Medivac x2  
  150  11:26  SCV x3  
  150  11:28  Terran Vehicle And Ship Armor Level 2  
  150  11:29  Marine  
  151  11:34  Marine x4  
  151  11:35  Marine x3  
  151  11:36  Marine x2, Marauder  
  151  11:37  Marauder  
  151  11:39  Sensor Tower, SCV  
  166  11:40  SCV x2  
  166  11:42  Siege Tank  
  170  11:47  Marine  
  170  11:48  Refinery x2  
  170  11:52  Marine x6  
  177  11:56  Planetary Fortress  
  177  11:58  SCV x3  
  180  12:03  Medivac x2  
  180  12:08  Ghost x4  
  184  12:11  Marine x7  
  184  12:15  Personal Cloaking  
  199  12:23  SCV  
  199  12:27  Starport  
  199  12:28  Starport  
  190  12:39  Starport  
  190  12:41  Starport  
  190  12:46  Refinery  
  190  12:47  Refinery  
  190  12:49  Sensor Tower  
  190  12:53  Missile Turret  
  190  12:54  Missile Turret  
  190  12:56  Missile Turret  
  190  12:59  Medivac x2  
  185  13:06  Starport Tech Lab  
  185  13:07  Starport Tech Lab  
  185  13:13  Barracks  
  185  13:14  Barracks x2  
  185  13:17  Starport Tech Lab  
  185  13:19  Command Center  
  185  13:20  Starport Tech Lab  
  185  13:33  Raven  
  185  13:34  Raven  
  164  13:36  Medivac x2  
  164  13:37  Marine x10  
  161  13:41  SCV  
  161  13:42  SCV x2  
  143  13:54  Raven  
  143  13:55  Raven  
  137  13:57  Marine, Marauder x2  
  137  13:58  Marine x3, Marauder x2  
  137  14:00  SCV  
  137  14:02  SCV  
  143  14:09  SCV  
  142  14:12  SCV  
  142  14:14  SCV  
  138  14:17  Marine  
  138  14:19  Marauder x2  
  138  14:21  Marine  
  138  14:22  Marine x2  
  145  14:28  Raven x2  
  146  14:33  SCV x3  
  151  14:41  Marine  
  151  14:42  Marine x2  
  138  14:53  SCV x3  
Tags
 
Add a new tag
Caveats
  • Supply blocks, unpowered buildings, or Contaminate may cause inaccurate times.
  • Supply counts are checked every 10 seconds.